 Dungeon Crawl Stone Soup version 0.30-a0-1094-g860fb061e7 (webtiles) character file.

Game seed: 1041015102970497595

282 funkygono the Covered (level 6, -1/53 HPs)
             Began as a Minotaur Fighter on Apr 17, 2023.
             Was an Initiate of Okawaru.
             Slain by a kobold brigand
             ... wielding a +0 whip of freezing
              (2 damage)
             ... in a sewer.
             The game lasted 00:05:27 (2865 turns).

funkygono the Covered (Minotaur Fighter)            Turns: 2865, Time: 00:05:28

Health: -1/53      AC: 16    Str: 23    XL:     6   Next: 6%
Magic:  5/5        EV:  3    Int:  5    God:    Okawaru [......]
Gold:   222        SH: 12    Dex:  9    Spells: 5/5 levels left

rFire   . . .      SeeInvis .    a - +0 war axe
rCold   . . .      Faith    .    m - +0 tower shield
rNeg    . . .      Spirit   .    n - +0 plate armour
rPois   .          Reflect  .    (helmet restricted)
rElec   .          Rampage  .    (no cloak)
rCorr   .                        (no gloves)
Will    .....                    (no boots) Stlth
                                 (no amulet)
HPRegen 0.28/turn                u - +4 ring of protection
MPRegen 0.09/turn                (no ring)

@: very slow
A: horns 2, retaliatory headbutt
a: Renounce Religion


You were in a sewer.
You worshipped Okawaru.
Okawaru was noncommittal.
You visited 1 branch of the dungeon, and saw 4 of its levels.
You also visited: Sewer.

You collected 222 gold pieces.

Inventory:

Hand Weapons
 a - a +0 war axe (weapon)
 o - the +8 autumn katana {manifold assault}
   (You found it on level 3 of the Dungeon)
Missiles
 c - 5 atropa-tipped darts
 f - 6 javelins (quivered)
 p - 5 poisoned darts
Armour
 m - a +0 tower shield (worn)
 n - a +0 plate armour (worn)
Jewellery
 u - a +4 ring of protection (left hand)
Scrolls
 b - a scroll of enchant armour {unknown}
 e - a scroll of teleportation {unknown}
 i - a scroll of silence {unknown}
 l - a scroll of magic mapping {unknown}
 s - a scroll of brand weapon {unknown}
 v - a scroll of amnesia {unknown}
Potions
 d - a potion of might
 g - a potion of resistance {unknown}
 h - 3 potions of curing {unknown}
 j - a potion of haste {unknown}
 k - a potion of cancellation {unknown}
 q - a potion of attraction {unknown}
 r - a potion of magic {unknown}
 t - a potion of ambrosia {unknown}
 w - 3 potions of lignification {unknown}


   Skills:
 + Level 4.4 Fighting
 + Level 4.7 Axes
 + Level 5.4 Armour
 + Level 0.5 Dodging
 + Level 5.0 Shields


You had 5 spell levels left.
You didn't know any spells.
Your spell library contained the following spells:

 Spells                   Type           Power      Damage    Failure   Level
 Kiss of Death            Conj/Necr      0%         2d5       100%        1
 Magic Dart               Conj           0%         1d3       100%        1
 Searing Ray              Conj           0%         2d4       100%        2
 Confusing Touch          Hex            0%         N/A       100%        3
 Dazzling Flash           Conj/Hex       0%         N/A       100%        3
 Dispel Undead            Necr           0%         3d6       100%        4
 Fulminant Prism          Conj/Hex       0%         3d5       100%        4
 Agony                    Necr           0%         N/A       100%        5
 Silence                  Hex/Air        0%         N/A       100%        5
 Chain Lightning          Conj/Air       0%         N/A       100%        9
 Fire Storm               Conj/Fire      0%         5d1       100%        9
 Shatter                  Erth           0%         3d5*      100%        9


Dungeon Overview and Level Annotations

Branches:
Dungeon (4/15)              Sewer (1/1)
 Temple: D:4-7

Altars:
Fedhas
Nemelex Xobeh
Okawaru

Shops:
D:3 :


Innate Abilities, Weirdness & Mutations

You have a pair of horns on your head.
You reflexively headbutt those who attack you in melee.


Message History

You block the kobold's attack.
You hit the kobold brigand.
The kobold brigand is severely wounded.
You hit the kobold.
The kobold brigand hits you but does no damage.
The kobold hits you but does no damage.
The kobold brigand splashes around in the water.
The kobold splashes around in the water.
You hit the kobold brigand. You headbutt the kobold brigand.
The kobold brigand is almost dead.
You hit the kobold.
You kill the kobold!
Okawaru accepts your kill.
You hear a splash. x2
The kobold brigand hits you but does no damage.
The kobold brigand splashes around in the water. x2
Unknown command.
Your unstable footing causes you to fumble your attack.
The kobold brigand hits you but does no damage.
The kobold brigand splashes around in the water.
You barely miss the kobold brigand.
The kobold brigand is almost dead.
The kobold brigand hits you with a +0 whip of freezing!
* * * LOW HITPOINT WARNING * * *
The kobold brigand freezes you.
* * * LOW HITPOINT WARNING * * *
The kobold brigand splashes around in the water.
The kobold brigand hits you but does no damage.
Your unstable footing causes you to fumble your attack.
You block the kobold brigand's attack. x2
You closely miss the kobold brigand.
The kobold brigand is almost dead.
You feel yourself speed up. You block the kobold brigand's attack.
The kobold brigand splashes around in the water.
Your unstable footing causes you to fumble your attack.
The kobold brigand hits you with a +0 whip of freezing.
* * * LOW HITPOINT WARNING * * *
The kobold brigand freezes you.
You die...

#. .# #~ ~# #K
K# ~#~ ~~ ~~.
#. #~# #~ #~#
#~###~# #~.@K~#
##~~)## #~~~#
#~.~# #.~~## #~
#.~~.## #~~~
#~~~~.#####...~
##~.~~~..~.~~~.
###..~.~~~~~#


You could see a kobold brigand.

Vanquished Creatures
  10 adders
  7 gnolls (D:3)
  4 river rats (D:4)
  6 worms
  2 dart slugs
  4 orcs (D:3)
  4 endoplasms
  2 giant cockroaches
  4 goblins
  6 hobgoblins
  2 jackals (D:2)
  11 kobolds
  A quokka (D:1)
  3 ball pythons
  2 bats
  A frilled lizard (D:2)
  7 rats
76 creatures vanquished.

Notes
Turn   | Place    | Note
-------+----------+-------------------------------------------
     0 | D:1      | funkygono the Minotaur Fighter began the quest for the Orb.
     0 | D:1      | Reached XP level 1. HP: 19/19 MP: 0/0
     2 | D:1      | Noticed a merfolk
     4 | D:1      | Noticed an elf
     4 | D:1      | Noticed a troll
     6 | D:1      | Noticed a draconian
     6 | D:1      | Noticed a human
     8 | D:1      | Noticed a gargoyle
     8 | D:1      | Noticed a tengu
    10 | D:1      | Noticed an ogre
    10 | D:1      | Noticed a spriggan
    12 | D:1      | Noticed a ghoul
    12 | D:1      | Noticed a formicid
    14 | D:1      | Noticed an armataur
    16 | D:1      | Noticed a vampire
    16 | D:1      | Noticed a naga
    18 | D:1      | Noticed a felid
    18 | D:1      | Noticed a minotaur
    20 | D:1      | Noticed a vine stalker
    22 | D:1      | Noticed a demigod
    22 | D:1      | Noticed an octopode
    24 | D:1      | Noticed a formicid
    24 | D:1      | Noticed a meteoran
    26 | D:1      | Noticed a meteoran
   314 | D:1      | Reached XP level 2. HP: 27/27 MP: 1/1
   975 | D:2      | Reached XP level 3. HP: 33/33 MP: 2/2
  1730 | D:3      | Reached XP level 4. HP: 34/40 MP: 3/3
  1973 | D:3      | Found a blossoming altar of Fedhas.
  1974 | D:3      | Found the +8 autumn katana {manifold assault}
  2006 | D:3      | Found Xok Fomm's Book Emporium.
  2149 | D:3      | Found a sparkling altar of Nemelex Xobeh.
  2249 | D:3      | Reached XP level 5. HP: 29/47 MP: 4/4
  2498 | D:3      | Found an iron altar of Okawaru.
  2505 | D:3      | Became a worshipper of Warmaster Okawaru
  2655 | D:4      | Reached skill level 5 in Armour
  2770 | D:4      | Reached skill level 5 in Shields
  2784 | D:4      | Reached XP level 6. HP: 38/53 MP: 5/5
  2795 | D:4      | Found a glowing drain.
  2828 | Sewer    | Entered a sewer
  2865 | Sewer    | HP: 1/53 [kobold brigand/+0 whip of freezing (4)]
  2865 | Sewer    | Slain by a kobold brigand

Illustrated notes

Levels and vault maps discovered:
D:1:      kb_arrival_jail, layout_loops_cross, st_stairs_10
D:2:      layout_basic, minmay_misc_feat_encased, kennysheep_potato
D:3:      kennysheep_big_flooded_room, layout_basic,
          hellmonk_okawaru_the_only_friend_you_need,
          nemelex_diamond_rough_becter, mainiacjoe_overflow_small_starburst,
          serial_shops, nicolae_book_shop_shelving
D:4:      layout_basic, grunt_temple_overflow_gold_and_silver,
          lightli_sewer_entry_pipes, uniq_robin
Sewer:    sewer_co_tree

Skill      XL: |  1  2  3  4  5 |
---------------+----------------+-----
Fighting       | 4 |  4.4
Armour         | 4 5 |  5.4
Shields        | 4 5 |  5.0
Axes           | 3 4 |  4.7
Dodging        | |  0.5

Action                     |  1- 3 |  4- 6 || total
---------------------------+-------+-------++-------
  Melee: War axe           |    88 |   151 ||   239
         Headbutt          |    11 |    21 ||    32
 Armour: Scale mail        |    45 |       ||    45
         Plate armour      |    11 |    84 ||    95
  Dodge: Dodged            |    29 |    15 ||    44
  Block: Buckler           |     6 |       ||     6
         Tower shield      |    43 |   109 ||   152

Table legend: (Time is in decaauts)
 A = Elapsed time spent in this place.
 B = Non-inter-level travel time spent in this place.
 C = Inter-level travel time spent in this place.
 D = Time resting spent in this place.
 E = Time spent auto-exploring this place.
 F = Levels seen in this place.
 G = Mean time per level.
                   A        B        C        D        E       F      G
               +--------+--------+--------+--------+--------+-----+--------+
         Total |   3064 |   2950 |    114 |     96 |   1922 |   5 |  612.8 |
       Dungeon |   3006 |   2892 |    114 |     96 |   1900 |   4 |  751.5 |
         Sewer |     58 |     58 |      0 |      0 |     22 |   1 |   58.0 |
               +--------+--------+--------+--------+--------+-----+--------+

Top non-repeatable levels by time:
     D:3: 951 daAuts
     D:2: 950 daAuts
     D:1: 754 daAuts
     D:4: 350 daAuts
   Sewer: 58 daAuts
